 Dungeon Crawl Stone Soup version 0.19.4 (webtiles) character file.

137822 dngmouse the Severer (level 16, -7/163 HPs)
             Began as a Deep Dwarf Fighter on Feb 5, 2017.
             Was the Champion of Makhleb.
             Mangled by a guardian serpent (12 damage)
             ... on level 4 of the Snake Pit.
             The game lasted 02:59:27 (21971 turns).

dngmouse the Severer (Deep Dwarf Fighter)          Turns: 21971, Time: 02:59:28

Health: -7/163     AC: 19    Str: 19    XL:     16   Next: 69%
Magic:  22/22      EV: 15    Int: 15    God:    Makhleb [******]
Gold:   2534       SH: 12    Dex: 17    Spells: 1 memorised, 14 levels left

rFire  + + +     SeeInvis +     a - +8 war axe "Dwarf's Peril" {drain, rF+ rC+ MR+}
rCold  + + .     Gourm    .     O - +4 ring mail "Jaomon" {-Cast rF+++ Int+3 Stlth+}
rNeg   + . .     Faith    .     X - +2 shield
rPois  +         Spirit   .     y - +1 helmet
rElec  .         Reflect  .     V - +1 cloak {rPois}
rCorr  .         Harm     .     i - +0 pair of gloves
MR     ++++.     NoCast   +     (no boots)
Stlth  ++........               c - amulet of rage
                                n - ring of Eteuwyd {Wiz rC+ Slay+3 SInv}
                                F - ring of protection from magic

@: lethally poisoned (-7 -> -12), exhausted, non-regenerating, slowed,
constricted, invisible, very slow
A: damage resistance, recharge devices, negative energy resistance 1, sense
surroundings 2, slow regeneration 3
a: Device Recharging, Minor Destruction, Lesser Servant of Makhleb, Major
Destruction, Greater Servant of Makhleb, Renounce Religion, Evoke Berserk Rage


You were on level 4 of the Snake Pit.
You worshipped Makhleb.
Makhleb was exalted by your worship.
You were not hungry.

You visited 5 branches of the dungeon, and saw 25 of its levels.
You also visited: Sewer and Bailey.

You collected 2534 gold pieces.

Inventory:

Hand Weapons
 a - the +8 war axe "Dwarf's Peril" (weapon) {drain, rF+ rC+ MR+}
   (You found it on level 10 of the Dungeon)

   A truly terrible weapon, it drains the life of those it strikes.
   It protects you from fire.
   It protects you from cold.
   It affects your resistance to hostile enchantments.
 b - a +0 war axe of flaming
Missiles
 g - 5 tomahawks (quivered)
Armour
 i - a +0 pair of gloves (worn)
 w - a +2 cloak of magic resistance
 y - a +1 helmet (worn)
 B - a +2 chain mail of cold resistance
 O - the +4 ring mail "Jaomon" (worn) {-Cast rF+++ Int+3 Stlth+}
   (You found it on level 3 of the Snake Pit)

   It affects your intelligence (+3).
   It renders you almost immune to fire.
   It prevents spellcasting.
   It makes you more stealthy.
 V - a +1 cloak of poison resistance (worn)
 X - a +2 shield (worn)
 Z - a +2 cloak of invisibility
Jewellery
 c - an amulet of rage (around neck)
 n - the ring of Eteuwyd (right hand) {Wiz rC+ Slay+3 SInv}
   (You took it off a nagaraja on level 1 of the Snake Pit)

   [ring of wizardry]

   It improves your spell success rate.
   It affects your accuracy and damage with ranged weapons and melee attacks
   (+3).
   It protects you from cold.
   It lets you see invisible.
 F - a ring of protection from magic (left hand)
 M - an uncursed ring of flight
 U - a +5 ring of strength
Wands
 e - a wand of heal wounds (3/9)
 o - a wand of paralysis (4/24)
 p - a wand of polymorph (13/24)
 u - a wand of random effects (28/48)
 v - a wand of digging (9/24)
 x - a wand of disintegration (6/24)
 C - a wand of lightning (8/15)
 I - a wand of flame (26/48)
 K - a wand of flame (16/48)
 N - a wand of confusion (5/48)
 P - a wand of iceblast (6/15)
Scrolls
 h - 8 scrolls of identify
 l - 4 scrolls of blinking
 m - 2 scrolls of fog
 q - 4 scrolls of magic mapping
 t - 2 scrolls of fear
 A - 11 scrolls of remove curse
 G - 2 scrolls of enchant armour
 Q - 9 scrolls of teleportation
Potions
 d - a potion of berserk rage
 j - 10 potions of curing
 k - a potion of cancellation
 s - 3 potions of heal wounds
 H - 2 potions of flight
 R - a potion of resistance
 T - a potion of agility
 W - a potion of haste
Books
 E - a book of the Earth

   Spells                             Type                      Level
   a - Leda's Liquefaction            Hexes/Earth                  4
   b - Bolt of Magma                  Conjuration/Fire/Earth       5
   c - Statue Form                    Transmutation/Earth          6
   d - Iron Shot                      Conjuration/Earth            6
   e - Shatter                        Earth                        9
Miscellaneous
 Y - a sack of spiders
Comestibles
 f - 19 bread rations
 z - 3 beef jerkies
 D - a slice of pizza
 J - 9 meat rations
 L - 23 fruits


   Skills:
 + Level 15.0 Fighting
 - Level 16.0 Axes
 + Level 15.0 Armour
 + Level 13.5 Dodging
 - Level 4.9 Shields
 - Level 7.0 Invocations
 - Level 10.0 Evocations


You had 14 spell levels left.
You knew the following spells:

 Your Spells              Type           Power        Failure   Level  Hunger
a - Apportation           Tloc           #.........   73%         1    ##.....


Dungeon Overview and Level Annotations

Branches:
Dungeon (12/15)            Temple (1/1) D:6            Lair (6/6) D:11
 Shoals (0/4) Lair:3        Snake (4/4) Lair:2        Slime (0/5) Lair:6
    Orc (2/2) D:10            Elf (0/3) Orc:2

Altars:
Ashenzari
Cheibriados
Dithmenos
Elyvilon
Fedhas
Gozag
Hepliaklqana
Kikubaaqudgha
Makhleb
Nemelex Xobeh
Okawaru
Qazlal
Ru
Sif Muna
Trog
Uskayaw
Vehumet
Xom
Yredelemnul
Zin
The Shining One
Jiyva

Shops:
D:5 *   D:8 [   Orc:1 %   Orc:2 %}:=


Innate Abilities, Weirdness & Mutations

You are resistant to damage.
You can recharge devices by infusing magical energy.
You resist negative energy. (rN+)
You passively map the area around you.
You do not regenerate.


Message History

The bolt of poison hits the naga sharpshooter.
The nagaraja casts a spell at you. The poison arrow hits you!
You are more poisoned.
You partially resist.
* * * LOW HITPOINT WARNING * * *
The nagaraja constricts you.
The naga sharpshooter gestures wildly while chanting.
The naga sharpshooter magically shoots an arrow.
The arrow hits you.
The naga sharpshooter casts a spell.
The naga sharpshooter magically shoots a bolt.
The bolt hits you!
* * * LOW HITPOINT WARNING * * *
The nagaraja hits you with a spear!
* * * LOW HITPOINT WARNING * * *
The guardian serpent misses you. The naga warrior barely misses you.
The nagaraja gestures wildly while chanting.
The nagaraja seems to speed up.
The guardian serpent hits you!
You die...

, , , * , , ,* ,
,,, , ,,, , * , , ,
* , , , , * , ,
,,,, , #### ,, , ,
* ,, , ... , *
##.## * *
####SNN#### ** *
##...N@NN.(####, *
......NSS....... ,
,,,........N.N.....
, ,, * ,,
......#.#....... ,
, ...###...###....
, , .# ,,.... , #..
,, , , ,NN...⌠ # ,
, , , .$....., ,, ,
, ...##§ * ,,


You could see a naga warrior, 5 nagarajas, 2 naga sharpshooters, 2 guardian
serpents and a black mamba.

Vanquished Creatures
  Vashnia (Snake:2)
  Rupert (Lair:6)
  Gastronok (Lair:2)
  4 nagarajas
  An orc warlord (Bailey)
  Nessos (Lair:6)
  Azrael (Orc:2)
  6 dire elephants (Lair:6)
  Snorg (D:12)
  12 naga warriors
  4 ogre magi
  7 hydras
  19 anacondas
  The ghost of Azzok the Summoner, a journeyman GrSu of Ashenzari (Lair:2)
  4 death yaks (Lair:6)
  An orc high priest (Orc:1)
  10 naga sharpshooters
  4 shock serpents
  Urug (Lair:4)
  2 salamander mystics (Snake:2)
  7 naga ritualists
  5 hill giants
  2 orc knights
  A manticore (Lair:3)
  7 salamanders
  A cyclops (D:11)
  A faun (Lair:4)
  10 mana vipers
  9 elephants
  Maurice (Orc:1)
  4 guardian serpents
  Joseph (D:9)
  The ghost of stevin the Slasher, a novice HOFi of Okawaru (D:7)
  31 black mambas
  A gargoyle (D:11)
  15 naga magi
  A centaur skeleton (D:11)
  8 spiny frogs
  3 komodo dragons
  A kobold demonologist (D:11)
  A rime drake (Lair:3)
  A queen bee (Lair:1)
  2 trolls
  A polar bear (Lair:2)
  14 blink frogs
  A hornet (D:11)
  15 two-headed ogres
  10 hippogriffs
  The ghost of Thrillho the Magician, an amateur DEFE (D:5)
  A vampire (D:12)
  A spriggan (D:7)
  34 yaks
  3 wyverns
  2 fire elementals (Orc:2)
  3 wargs
  2 steam dragons
  44 nagas
  6 water moccasins
  6 porcupines
  4 hell hounds (Orc:2)
  25 orc warriors
  2 sky beasts
  5 ice beasts
  2 black bears (D:9)
  6 wolves
  A hornet zombie (D:12)
  33 ogres
  3 phantoms
  A necrophage (D:9)
  10 crocodiles
  4 centaurs
  20 bullfrogs
  A gnoll sergeant (D:8)
  A wyvern skeleton (D:12)
  4 scorpions
  32 killer bees
  6 electric eels
  6 howler monkeys (D:8)
  3 crimson imps
  2 bullfrog zombies
  A jelly (D:11)
  A quasit (D:6)
  18 orc priests
  4 hounds
  Crazy Yiuf (D:7)
  A water moccasin simulacrum (D:8)
  21 orc wizards
  6 bullfrog skeletons
  2 iguanas
  5 worker ants
  2 bullfrog simulacra (D:8)
  A hound skeleton (D:4)
  A killer bee simulacrum (D:8)
  A worker ant zombie (D:4)
  25 gnolls
  8 river rats (Sewer)
  15 adders
  6 shadow imps
  5 white imps (D:8)
  An ufetubus (D:8)
  An adder zombie (D:8)
  4 worms
  2 dart slugs (D:1)
  10 leopard geckos
  71 orcs
  10 bats
  12 giant cockroaches
  25 goblins
  17 hobgoblins
  14 jackals
  3 quokkas
  12 ball pythons (Sewer)
  3 frilled lizards
  2 jackal skeletons
  5 kobolds
  3 leopard gecko skeletons
  A leopard gecko zombie (D:6)
  27 rats
  2 fungi
  2 plants (D:1)
862 creatures vanquished.

Vanquished Creatures (others)
  A naga mage (Snake:1)
  A guardian serpent (Snake:4)
  A blink frog (Lair:6)
  A naga (Snake:4)
  5 fungi
  5 plants (Lair:6)
14 creatures vanquished.

Grand Total: 876 creatures vanquished

Notes
Turn   | Place    | Note
-------+----------+-------------------------------------------
     0 | D:1      | dngmouse the Deep Dwarf Fighter began the quest for the Orb.
     0 | D:1      | Reached XP level 1. HP: 20/20 MP: 1/1
   210 | D:1      | Reached XP level 2. HP: 28/28 MP: 2/2
   357 | D:1      | Reached skill level 3 in Axes
   719 | D:2      | Reached XP level 3. HP: 32/34 MP: 3/3
  1243 | D:3      | Reached XP level 4. HP: 42/42 MP: 4/4
  1255 | D:3      | Reached skill level 4 in Axes
  1399 | D:3      | Reached XP level 5. HP: 32/50 MP: 5/5
  1431 | D:3      | Found a white marble altar of Elyvilon.
  1431 | D:3      | Found an ancient bone altar of Kikubaaqudgha.
  1431 | D:3      | Found a sacrificial altar of Ru.
  1517 | D:3      | Found a glowing drain.
  1551 | Sewer    | Entered a sewer
  1577 | Sewer    | Reached skill level 5 in Axes
  1863 | Sewer    | Reached XP level 6. HP: 7/57 MP: 6/6
  1911 | Sewer    | Reached skill level 6 in Axes
  2004 | Sewer    | Reached skill level 7 in Axes
  2056 | D:3      | You fall through a shaft for 2 floors!
  2056 | D:5      | Entered Level 5 of the Dungeon
  2072 | D:5      | Found Plog's Elemental Accessories.
  2107 | D:5      | Noticed Thrillho's ghost (amateur DEFE)
  2123 | D:6      | Noticed an orc warrior
  2123 | D:6      | HP: 2/57 [orc priest/divine providence (12)]
  2132 | D:6      | HP: 1/57 [orc priest/divine providence (13)]
  2143 | D:6      | Killed an orc warrior
  2143 | D:6      | Reached XP level 7. HP: 8/64 MP: 7/7
  2193 | D:5      | Reached skill level 8 in Axes
  2322 | D:3      | Found an opulent altar of Gozag.
  2836 | D:4      | Found a shattered altar of Ashenzari.
  2883 | D:4      | Reached skill level 9 in Axes
  3344 | D:5      | Reached XP level 8. HP: 21/72 MP: 8/8
  3587 | D:5      | Reached skill level 10 in Axes
  3642 | D:5      | Killed Thrillho's ghost
  3989 | D:6      | Reached skill level 11 in Axes
  3994 | D:6      | Gained mutation: You are somewhat resistant to further mutation. [mutagenic meat]
  3996 | D:6      | Lost mutation: You are somewhat resistant to further mutation. [mutagenic meat]
  4124 | D:6      | Found a staircase to the Ecumenical Temple.
  4129 | Temple   | Entered the Ecumenical Temple
  4251 | Temple   | Became a worshipper of Makhleb the Destroyer
  4926 | D:6      | Reached skill level 12 in Axes
  4953 | D:7      | Reached * piety under Makhleb
  4981 | D:7      | Noticed stevin's ghost (novice HOFi)
  4999 | D:7      | Killed stevin's ghost
  4999 | D:7      | Reached skill level 1 in Dodging
  4999 | D:7      | Reached skill level 1 in Evocations
  4999 | D:7      | Gained mutation: You passively map the area around you. [Deep Dwarf growth]
  4999 | D:7      | Reached XP level 9. HP: 36/79 MP: 8/10
  5154 | D:7      | Reached skill level 5 in Fighting
  5236 | D:7      | Got a scorched plate armour
  5239 | D:7      | Identified the +1 plate armour "Heots" {SInv} (You found it on level 7 of the Dungeon)
  5339 | D:7      | Reached ** piety under Makhleb
  5440 | D:7      | Found a runed door.
  5996 | D:7      | Noticed Crazy Yiuf
  5999 | D:7      | Killed Crazy Yiuf
  6084 | D:8      | Reached skill level 5 in Armour
  6167 | D:8      | Reached XP level 10. HP: 32/92 MP: 12/12
  6276 | D:8      | Found Luaphu's Armour Emporium.
  6704 | D:8      | Reached *** piety under Makhleb
  7034 | D:8      | Identified the Grimoire of Boosting Unholy Rituals
  7166 | D:8      | Reached skill level 5 in Dodging
  7874 | D:9      | Noticed Joseph
  7897 | D:9      | Killed Joseph
  7922 | D:9      | Got a crystal flail
  7923 | D:9      | Identified the +11 flail "Tecwon" {freeze, Str+3} (You found it on level 9 of the Dungeon)
  7958 | D:10     | Entered Level 10 of the Dungeon
  8173 | D:10     | Reached **** piety under Makhleb
  8394 | D:10     | Reached XP level 11. HP: 97/106 MP: 14/14
  8407 | D:10     | Found a shimmering altar of Xom.
  8416 | D:10     | Got an ichor-stained war axe
  8417 | D:10     | Identified the +8 war axe "Dwarf's Peril" {drain, rF+ rC+ MR+} (You found it on level 10 of the Dungeon)
  8522 | D:10     | Found a staircase to the Orcish Mines.
  9103 | D:11     | Found a staircase to the Lair.
  9157 | D:11     | Found a flagged portal.
  9172 | Bailey   | Entered a bailey
  9325 | Bailey   | Noticed an orc knight
  9330 | Bailey   | Reached ***** piety under Makhleb
  9344 | Bailey   | Killed an orc knight
  9393 | Bailey   | Reached skill level 10 in Fighting
  9459 | Bailey   | Noticed an orc warlord
  9484 | Bailey   | Killed an orc warlord
 10012 | D:11     | Noticed a hill giant
 10049 | D:11     | Killed a hill giant
 10074 | D:11     | Noticed a hill giant
 10110 | D:11     | Killed a hill giant
 10245 | D:11     | Reached XP level 12. HP: 118/118 MP: 15/15
 10303 | Orc:1    | Entered Level 1 of the Orcish Mines
 10303 | Orc:1    | Found Wuijogg's Food Shop.
 10319 | Orc:1    | Noticed Maurice
 10337 | Orc:1    | Killed Maurice
 10433 | Orc:1    | Noticed an orc high priest
 10577 | Orc:1    | Killed an orc high priest
 10740 | Orc:2    | Entered Level 2 of the Orcish Mines
 11145 | Orc:2    | Noticed Azrael
 11181 | Orc:2    | Killed Azrael
 11215 | Orc:2    | Found a staircase to the Elven Halls.
 11254 | Orc:2    | Reached ****** piety under Makhleb
 11320 | Orc:2    | Noticed an ogre mage
 11331 | Orc:2    | Noticed an ogre mage
 11331 | Orc:2    | Found Viesm's Food Emporium.
 11332 | Orc:2    | Noticed an ogre mage
 11332 | Orc:2    | Found Xis Null's Book Shop.
 11336 | Orc:2    | Noticed an ogre mage
 11376 | Orc:1    | Killed an ogre mage
 11376 | Orc:1    | Reached skill level 13 in Axes
 11443 | Orc:1    | Reached skill level 5 in Evocations
 11459 | Orc:2    | Reached skill level 10 in Armour
 11471 | Orc:1    | Killed an ogre mage
 11554 | Orc:2    | Killed an ogre mage
 11559 | Orc:2    | Killed an ogre mage
 11692 | Orc:2    | Found Umedudgh's Gadget Shop.
 11693 | Orc:2    | Found Exze's Jewellery Shoppe.
 11934 | Orc:2    | Reached skill level 14 in Axes
 11934 | Orc:2    | Reached XP level 13. HP: 122/127 MP: 17/17
 12903 | D:12     | Noticed Snorg
 12921 | D:12     | Killed Snorg
 13598 | Lair:1   | Entered Level 1 of the Lair of Beasts
 14687 | Lair:2   | Noticed Azzok's ghost (journeyman GrSu)
 14715 | Lair:2   | Killed Azzok's ghost
 14806 | Lair:2   | Found a staircase to the Snake Pit.
 14859 | Lair:2   | Reached skill level 15 in Axes
 15016 | Lair:2   | Noticed Gastronok
 15028 | Lair:2   | Killed Gastronok
 15691 | Lair:3   | Found a staircase to the Shoals.
 16306 | Lair:4   | Noticed Urug
 16327 | Lair:4   | Killed Urug
 16423 | Lair:4   | Reached skill level 16 in Axes
 16829 | Lair:5   | Gained mutation: You resist negative energy. (rN+) [Deep Dwarf growth]
 16829 | Lair:5   | Reached XP level 14. HP: 139/139 MP: 20/20
 16848 | Lair:5   | Reached skill level 1 in Invocations
 16926 | Lair:5   | You fall through a shaft!
 16926 | Lair:6   | Entered Level 6 of the Lair of Beasts
 18028 | Lair:6   | Noticed Rupert
 18048 | Lair:6   | Noticed Nessos
 18239 | Lair:6   | Reached skill level 10 in Dodging
 18251 | Lair:6   | Found a viscous altar of Jiyva.
 18251 | Lair:6   | Found a staircase to the Slime Pits.
 18267 | Lair:6   | Reached skill level 5 in Invocations
 18288 | Lair:6   | Killed Nessos
 18567 | Lair:6   | Killed Rupert
 18567 | Lair:6   | Reached skill level 10 in Evocations
 19086 | Snake:1  | Entered Level 1 of the Snake Pit
 19147 | Snake:1  | Reached XP level 15. HP: 101/147 MP: 15/22
 19503 | Snake:1  | Noticed a nagaraja
 19503 | Snake:1  | Noticed a nagaraja
 19555 | Snake:1  | Killed a nagaraja
 19559 | Snake:1  | Killed a nagaraja
 19657 | Snake:1  | Got a wavering steel ring
 20433 | Snake:2  | Reached XP level 16. HP: 159/159 MP: 20/23
 20651 | Snake:2  | Identified the ring of Eteuwyd {Wiz rC+ Slay+3 SInv} (You took it off a nagaraja on level 1 of the Snake Pit)
 20719 | Snake:2  | Noticed Vashnia
 20781 | Snake:2  | Killed Vashnia
 20948 | Snake:3  | Found a burning altar of Makhleb.
 21445 | Snake:3  | Got a spiked ring mail
 21450 | Snake:3  | Identified the +4 ring mail "Jaomon" {-Cast rF+++ Int+3 Stlth+} (You found it on level 3 of the Snake Pit)
 21814 | Snake:3  | Learned a level 1 spell: Apportation
 21935 | Snake:4  | Entered Level 4 of the Snake Pit
 21962 | Snake:4  | Reached skill level 15 in Fighting
 21962 | Snake:4  | Reached skill level 15 in Armour
 21971 | Snake:4  | HP: 5/163 [nagaraja/spear (6)]
 21971 | Snake:4  | Mangled by a guardian serpent

Skill      XL: |  1  2  3  4  5  6  7  8  9 10 11 12 13 14 15 16 |
---------------+-------------------------------------------------+-----
Fighting       | 3 4 6 9 10 11 12 13 14 15 | 15.0
Axes           | 3 4 5 7 9 12 14 16 | 16.0
Dodging        | 1 4 6 8 9 10 12 13 | 13.5
Evocations     | 1 3 4 6 8 10 | 10.0
Armour         | 5 7 9 10 11 12 14 15 | 15.0
Invocations    | 6 7 |  7.0
Shields        | 4 |  4.9

Action                   |  1- 3 |  4- 6 |  7- 9 | 10-12 | 13-15 | 16-18 || total
-------------------------+-------+-------+-------+-------+-------+-------++-------
Melee: War axe           |   167 |   259 |   103 |   446 |  1177 |   279 ||  2431
       Battleaxe         |       |       |   356 |   200 |       |       ||   556
       Flail             |       |       |       |    32 |       |       ||    32
Throw: Stone             |    10 |       |       |       |       |       ||    10
       Tomahawk          |       |       |     3 |     7 |     6 |     9 ||    25
Invok: Minor Destruction |       |       |       |       |     2 |       ||     2
 Abil: Evoke Invisibilit |       |       |       |       |     3 |       ||     3
       Device Recharging |       |       |       |       |       |     1 ||     1
       Evoke Berserk Rag |       |       |       |       |       |     1 ||     1
Evoke: Wand              |     1 |     3 |    18 |    27 |    27 |     5 ||    81
  Use: Potion            |       |     4 |     5 |     7 |     9 |     2 ||    27
       Scroll            |       |       |    14 |     6 |    11 |     6 ||    37
 Stab: Confused          |       |       |       |       |     6 |       ||     6
       Invisible         |       |       |       |       |    15 |       ||    15
       Distracted        |       |       |       |       |     1 |       ||     1
  Eat: Chunk             |     2 |     3 |    17 |    19 |    30 |     4 ||    75
       Fruit             |       |       |       |       |     1 |       ||     1
       Pizza             |       |       |       |       |       |     1 ||     1
Armor: Scale mail        |    50 |       |       |       |       |       ||    50
       Plate armour      |    27 |   211 |   297 |   349 |    75 |       ||   959
       Chain mail        |       |       |       |       |   403 |    83 ||   486
       Ring mail         |       |       |       |       |       |    30 ||    30
Dodge: Dodged            |    35 |    49 |   120 |   339 |   637 |   142 ||  1322
Block: Shield            |    69 |   162 |    38 |     7 |       |   159 ||   435
       Buckler           |       |       |       |   114 |   249 |     5 ||   368
